 Dungeon Crawl Stone Soup version 0.23-a0-378-gd7a6ca6 (webtiles) character file.

480274 Garbasso the Slayer (level 24, -1/169 HPs)
             Began as a Gargoyle Earth Elementalist on Oct 27, 2018.
             Was the Champion of Vehumet.
             Killed from afar by an acid blob (4 damage)
             ... with a splash of acid
             ... created by the Royal Jelly
             ... on level 5 of the Pits of Slime.
             The game lasted 06:23:51 (81386 turns).

Garbasso the Slayer (Gargoyle Earth Elementalist)  Turns: 81386, Time: 06:23:52

Health: -1/169     AC: 26    Str: 18    XL:     24   Next: 84%
Magic:  29/60      EV: 17    Int: 27    God:    Vehumet [******]
Gold:   1496       SH: 18    Dex: 10    Spells: 3/54 levels left

rFire    + + .     SeeInvis +   b - staff of energy
rCold    + . .     Gourm    .   M - +5 shield {AC+3}
rNeg     + + .     Faith    .   J - +4 troll leather armour
rPois    ∞         Spirit   .   (helmet restricted)
rElec    +         Reflect  .   x - +2 cloak "Vedghaklo" {rElec rN+ MR+}
rCorr    +         Harm     .   D - +0 pair of gloves of Focus {MR+}
MR       +++..                  Z - +0 pair of boots
Stlth    +.........             t - amulet of magic regeneration
HPRegen  0.78/turn              v - ring "Jareomivem" {rCorr rF+ MP+9 Int+3 Stlth-}
MPRegen  0.62/turn              m - ring "Hizic" {rPois rF+ rC+ MP+9 SInv}

@: corroded, flying, very slightly contaminated
A: big wings, horns 1, negative energy resistance 1, electricity resistance,
strong 1, unbreathing, petrification resistance, rot immunity, AC +18
}: 2/15 runes: decaying, gossamer
a: Stop Flying, Renounce Religion


You were on level 5 of the Pits of Slime.
You worshipped Vehumet.
Vehumet was exalted by your worship.
You were not hungry.

You visited 10 branches of the dungeon, and saw 49 of its levels.
You visited 1 bazaar.
You also visited: Sewer.

You collected 6561 gold pieces.
You spent 5065 gold pieces at shops.

Inventory:

Hand Weapons
 a - a +9 demon whip of electrocution
Armour
 r - a scarf of resistance
 x - the +2 cloak "Vedghaklo" (worn) {rElec rN+ MR+}
   (You bought it in a shop in a bazaar)

   It insulates you from electricity.
   It protects you from negative energy.
   It affects your resistance to hostile enchantments.
 D - the +0 pair of gloves of Focus (worn) {MR+}
   (You acquired it on level 14 of the Dungeon)

   It affects your resistance to hostile enchantments.
 H - a +2 helmet of intelligence
 J - a +4 troll leather armour (worn)
 M - a +5 shield of protection (worn)
 Z - a +0 pair of boots (worn)
Magical Staves
 b - an uncursed staff of energy (weapon)
Jewellery
 m - the ring "Hizic" (right hand) {rPois rF+ rC+ MP+9 SInv}
   (You bought it in a shop on level 1 of the Depths)

   [ring of magical power]

   It protects you from fire.
   It protects you from cold.
   It protects you from poison.
   It affects your magic capacity (+9).
   It lets you see invisible.
 t - an amulet of magic regeneration (around neck)
 v - the ring "Jareomivem" (left hand) {rCorr rF+ MP+9 Int+3 Stlth-}
   (You bought it in a shop on level 1 of the Depths)

   [ring of resist corrosion]

   It affects your intelligence (+3).
   It protects you from fire.
   It affects your magic capacity (+9).
   It makes you less stealthy.
Wands
 A - a wand of scattershot (4)
 C - a wand of digging (18)
 L - a wand of iceblast (5)
 Q - a wand of clouds (7)
 V - a wand of acid (30)
Scrolls
 e - 4 scrolls of enchant weapon
 h - 3 scrolls of teleportation
 i - 6 scrolls of fog
 j - 7 scrolls of immolation
 k - 14 scrolls of magic mapping
 o - 4 scrolls of enchant armour
 p - 13 scrolls of remove curse
 u - 2 scrolls of silence
 w - 3 scrolls of blinking
 B - 3 scrolls of amnesia
 F - 9 scrolls of fear
 W - a scroll of summoning
 Y - 13 scrolls of identify
Potions
 c - 10 potions of mutation
 f - 3 potions of berserk rage
 n - 14 potions of curing
 q - 7 potions of agility
 s - 5 potions of might
 E - 8 potions of invisibility
 G - 6 potions of magic
 I - 4 potions of lignification
 N - 3 potions of resistance
 T - 5 potions of ambrosia
 U - 4 potions of haste
 X - 3 potions of brilliance
Comestibles
 d - 45 rations


   Skills:
 + Level 22.5 Fighting
 - Level 7.6 Maces & Flails
 + Level 14.0 Armour
 - Level 11.3 Dodging
 - Level 2.1 Stealth
 - Level 15.0 Shields
 - Level 15.5 Spellcasting
 + Level 18.7 Conjurations
 - Level 3.2 Charms
 - Level 8.0 Summonings
   Level 0.7 Transmutations
 - Level 6.0 Ice Magic
 - Level 14.4 Earth Magic
 - Level 5.0 Poison Magic


You had 3 spell levels left.
You knew the following spells:

 Your Spells              Type           Power        Failure   Level  Hunger
a - Iron Shot             Conj/Erth      #######...   1%          6    None
b - Stone Arrow           Conj/Erth      ######       0%          3    None
c - Spellforged Servitor  Conj/Summ      #######...   2%          7    None
d - Orb of Destruction    Conj           #######...   1%          7    None
e - Poison Arrow          Conj/Pois      ######....   1%          6    None
f - Regeneration          Chrm/Necr      ####......   4%          3    None
g - Sticky Flame          Conj/Fire      ######..     1%          4    None
h - Bolt of Magma         Conj/Fire/Erth ######....   1%          5    None
j - Freezing Cloud        Conj/Ice/Air   ######....   4%          6    None
C - Olgreb's Toxic Radia  Pois           #####...     1%          4    None

Your spell library contained the following spells:

 Spells                   Type           Power        Failure   Level  Hunger
 Chain Lightning          Conj/Air       ######....   65%         8    None
 Glaciate                 Conj/Ice       ######....   98%         9    None
 Tornado                  Air            ###.......   100%        9    None
 Magic Dart               Conj           ####         0%          1    None
 Sandblast                Erth           ######       0%          1    None
 Beastly Appendage        Tmut           ###...       1%          1    None
 Infusion                 Chrm           ####         1%          1    None
 Shock                    Conj/Air       ####         1%          1    None
 Summon Butterflies       Summ           ######..     1%          1    None
 Summon Small Mammal      Summ           ####         1%          1    None
 Call Imp                 Summ           ######..     1%          2    None
 Ensorcelled Hibernation  Hex/Ice        #####.       1%          2    None
 Passwall                 Tmut/Erth      ######..     1%          2    None
 Poisonous Vapours        Pois/Air       ####..       1%          2    None
 Shroud of Golubria       Chrm/Tloc      ####......   1%          2    None
 Song of Slaying          Chrm           #####...     1%          2    None
 Swiftness                Chrm/Air       ####....     1%          2    None
 Conjure Flame            Conj/Fire      ######..     1%          3    None
 Dazzling Spray           Conj/Hex       ######       1%          3    None
 Mephitic Cloud           Conj/Pois/Air  ######..     1%          3    None
 Ozocubu's Armour         Chrm/Ice       #####...     1%          3    None
 Static Discharge         Conj/Air       ######..     1%          3    None
 Animate Skeleton         Necr           N/A          2%          1    None
 Apportation              Tloc           ###...       2%          1    None
 Confusing Touch          Hex            ###...       2%          1    None
 Corona                   Hex            ###....      2%          1    None
 Pain                     Necr           ###.         2%          1    None
 Spider Form              Tmut/Pois      #####.....   2%          3    None
 Sticks to Snakes         Tmut           ###.....     3%          2    None
 Blink                    Tloc           N/A          4%          2    None
 Corpse Rot               Necr           N/A          4%          2    None
 Slow                     Hex            ###.....     4%          2    None
 Spectral Weapon          Hex/Chrm       ####....     4%          3    None
 Confuse                  Hex            ###.....     9%          3    None
 Gell's Gravitas          Tloc           ###.......   9%          3    None
 Lesser Beckoning         Tloc           ###.......   9%          3    None
 Tukima's Dance           Hex            ###.....     9%          3    None
 Fulminant Prism          Conj/Hex       ######....   1%          4    None
 Leda's Liquefaction      Hex/Erth       ######....   1%          4    None
 Petrify                  Tmut/Erth      ######..     1%          4    None
 Throw Icicle             Conj/Ice       ######..     1%          4    None
 Bolt of Draining         Conj/Necr      ######....   1%          5    None
 Irradiate                Conj/Tmut      ######....   1%          5    None
 Iskenderun's Battlesphe  Conj/Chrm      ######..     1%          5    None
 Lee's Rapid Deconstruct  Erth           #######...   1%          5    None
 Lightning Bolt           Conj/Air       ######....   1%          5    None
 Venom Bolt               Conj/Pois      ######....   1%          5    None
 Bolt of Cold             Conj/Ice       ######....   1%          6    None
 Borgnjor's Vile Clutch   Necr/Erth      ######....   3%          5    None
 Summon Lightning Spire   Summ/Air       #####...     5%          4    None
 Airstrike                Air            ###.......   7%          4    None
 Ice Form                 Ice/Tmut       #####...     7%          4    None
 Ozocubu's Refrigeration  Ice            ######....   10%         6    None
 Summon Forest            Summ/Tloc      #####.....   14%         5    None
 Metabolic Englaciation   Hex/Ice        #####.....   22%         5    None
 Alistair's Intoxication  Tmut/Pois      #####...     24%         5    None
 Blade Hands              Tmut           ###.......   50%         5    None
 Summon Hydra             Summ           ######....   65%         7    None
 Simulacrum               Ice/Necr       #####.....   77%         6    None
 Shatter                  Erth           #######...   85%         9    None
 Deflect Missiles         Chrm/Air       ####......   91%         6    None
 Hydra Form               Tmut           ###.......   97%         6    None
 Invisibility             Hex            ###.....     99%         6    None
 Dragon Form              Tmut           ###.......   100%        7    None
 Ring of Flames           Chrm/Fire      ####......   100%        7    None
 Controlled Blink         Tloc           N/A          100%        8    None
 Statue Form              Tmut/Erth      Unusable     N/A         6    N/A

Dungeon Overview and Level Annotations

Branches:
Dungeon (15/15)            Temple (1/1) D:5            Lair (6/6) D:10
  Swamp (4/4) Lair:3       Spider (4/4) Lair:4        Slime (5/5) Lair:6
    Orc (2/2) D:10            Elf (3/3) Orc:2        Vaults (4/5) D:13
  Crypt (0/3) Vaults:2     Depths (5/5) D:15
    Zot: Depths:5

Altars:
Ashenzari
Cheibriados
Dithmenos
Elyvilon
Fedhas
Gozag
Hepliaklqana
Kikubaaqudgha
Makhleb
Nemelex Xobeh
Okawaru
Qazlal
Ru
Sif Muna
Trog
Uskayaw
Vehumet
Wu Jian
Xom
Yredelemnul
Zin
The Shining One
Beogh

Shops:
D:11 (   D:12 *   D:15 (   Orc:2 (=?[}   Elf:1 ([}(   Elf:2 =   Vaults:2 *
Depths:1 **}}=?=*

Portals:
Hell: Depths:1 Depths:2 Depths:3 Depths:4
Abyss: Depths:2 Depths:3 Depths:4
Pandemonium: Depths:1 Depths:2 Depths:3
Ziggurat: Depths:3

Annotations:
D:5 2 transporters
D:6 exclusion: oklob plant
D:8 3 runed doors, nht's ghost, novice MiHu
Lair:1 3 runed doors, MisterFreud's ghost, journeyman FeTm
Lair:6 2 runed doors
Spider:3 1 runed door, Moraad's ghost, journeyman DDFi
Slime:5 Royal Jelly
Elf:2 3 runed doors
Depths:5 Mennas


Innate Abilities, Weirdness & Mutations

You are resistant to torment.
Your stone body is resilient. (AC +18)
You are immune to poison.
Your large and strong wings let you fly indefinitely.
You resist negative energy. (rN+)
You are resistant to electric shocks. (rElec)
You can survive without breathing.
You are immune to petrification.
You are immune to rotting.
You have a pair of small horns on your head.
Your muscles are strong. (Str +2)


Message History

Press: ? - help, v - describe, . - travel The floor.
Okay, then.
As you read the scroll of fog, it crumbles to dust.
The scroll dissolves into smoke.
The acid blob spits acid at you. The splash of acid hits you! You resist.
* * * LOW HITPOINT WARNING * * *
You are splashed with acid!
The acid burns!
You resist.
* * * LOW HITPOINT WARNING * * *
The acid blob spits acid at you. The splash of acid misses you.
The acid blob spits acid at you. The splash of acid hits you! You resist.
* * * LOW HITPOINT WARNING * * *
The acid corrodes you!
You are splashed with acid!
The acid burns!
You resist.
* * * LOW HITPOINT WARNING * * *
The acid blob spits acid at you. The splash of acid hits you! You resist.
You die...

.................
........................
....J......J............
.......J....J...........
........................
........................
.........§..............
......§§§§.............J
......§@§§............JJ
......§§§§.............J
......§.§..............J
.......................8
........................
...........JJJ..........
....#.......JJJJ...J....
#...##........J.J.......
##. ##.......J.JJ.....#


You could see 6 acid blobs, an azure jelly and 3 death oozes.

Vanquished Creatures
  Saint Roka (Orc:2)
  Frederick (Depths:5)
  Arachne (Spider:4)
  3 tentacled monstrosities
  2 liches
  A titan (Vaults:1)
  A quicksilver dragon (Depths:4)
  2 deep elf blademasters (Elf:3)
  10 acid blobs
  A deep elf master archer (Elf:3)
  3 sphinxes
  An ancient champion (Vaults:2)
  2 thorn hunters
  Kirke (D:12)
  A storm dragon (shapeshifter) (Depths:2)
  A shadow dragon (shapeshifter) (Depths:2)
  4 tengu reavers
  Roxanne (Spider:2)
  10 azure jellies
  6 frost giants
  7 fire giants
  12 deep elf sorcerers
  An iron dragon (Depths:4)
  4 vault wardens
  A balrug (Depths:3)
  An orc warlord (Orc:2)
  A cacodemon (Depths:1)
  A juggernaut zombie (Depths:1)
  4 ghost moths
  Louise (Swamp:2)
  An emperor scorpion (shapeshifter) (Depths:2)
  9 emperor scorpions
  3 deep elf elementalists (Elf:3)
  5 ironheart preservers
  4 war gargoyles (Depths:2)
  5 entropy weavers
  10 stone giants
  A ghoul (Vaults:2)
  11 very ugly things
  3 vampire knights (Depths:4)
  Nessos (D:13)
  9 deep elf demonologists
  2 white draconians (Depths:5)
  15 deep elf annihilators
  2 yellow draconians (Depths:5)
  A minotaur (shapeshifter) (Depths:2)
  8 spark wasps
  2 pale draconians (Depths:5)
  An ettin (shapeshifter) (Depths:2)
  Snorg (Lair:4)
  9 crystal guardians (Depths:2)
  2 blizzard demons (Depths:2)
  2 green deaths (Swamp:4)
  9 death oozes
  4 ettins
  A jiangshi (Depths:3)
  Erolcha (D:10)
  15 yaktaur captains
  6 fire dragons
  A fire dragon (shapeshifter) (Depths:2)
  9 deep elf death magi
  13 ogre magi
  5 deep elf high priests
  13 vault guards
  23 hydras
  6 great orbs of eyes
  5 ice dragons
  5 rakshasas
  A hell beast (Swamp:4)
  2 spriggan air magi
  2 catoblepae
  3 ghost crabs
  A monstrous demonspawn (Depths:1)
  10 alligators
  A deep troll earth mage (Depths:5)
  An anaconda (shapeshifter) (Depths:2)
  9 centaur warriors
  3 shambling mangroves
  3 death knights
  23 dancing weapons
  27 two-headed ogres
  4 deep troll shamans (Depths:4)
  4 vampire magi
  4 death yaks (Lair:4)
  Urug (Lair:3)
  2 thrashing horrors (Swamp:4)
  A shock serpent (Depths:2)
  2 spriggan berserkers (Depths:4)
  3 tengu warriors
  An orc high priest (Elf:1)
  Sonja (Lair:3)
  2 sun demons (Depths:3)
  13 deep elf knights
  5 iron trolls (Depths:4)
  A fire crab (Lair:6)
  5 unseen horrors
  13 skeletal warriors
  2 wizards
  9 deep trolls
  3 flayed ghosts
  4 hell knights
  A swamp dragon (shapeshifter) (Depths:2)
  2 spriggan druids (Swamp:4)
  9 glowing orange brains
  A death drake (shapeshifter) (Depths:2)
  6 swamp dragons
  A glowing orange brain (shapeshifter) (Elf:3)
  4 obsidian statues (Depths:2)
  19 ironbrand convokers
  15 deep elf archers
  6 necromancers
  5 phantasmal warriors
  A lindwurm (shapeshifter) (Depths:5)
  Pikel (D:6)
  9 orb spiders
  49 deep elf magi
  A sphinx zombie (Depths:1)
  A tengu zombie (Vaults:2)
  15 orc knights
  11 orc sorcerers
  A fire giant zombie (Depths:1)
  2 frost giant zombies
  5 harpies (Vaults:4)
  A faun (shapeshifter) (Vaults:1)
  4 oklob plants (Lair:6)
  26 wolf spiders
  27 ugly things
  A wolf spider (shapeshifter) (Depths:4)
  3 cyclopes
  A manticore (D:11)
  A shining eye (Lair:6)
  A manticore (shapeshifter) (Depths:2)
  21 elephants
  2 centaur zombies
  A moth of wrath (shapeshifter) (Depths:3)
  A black mamba (shapeshifter) (Depths:2)
  13 vault sentinels
  A torpor snail (shapeshifter) (Depths:2)
  Maurice (D:13)
  5 black mambas
  3 gargoyles
  3 orange demons (Swamp:4)
  3 torpor snails
  An eye of devastation (Slime:5)
  7 molten gargoyles
  16 spiny frogs
  2 yaktaurs (shapeshifter)
  A rime drake (Lair:6)
  29 yaktaurs
  A spriggan zombie (D:15)
  6 freezing wraiths
  A rime drake (shapeshifter) (Depths:2)
  An efreet (D:14)
  A komodo dragon (shapeshifter) (Vaults:2)
  3 kobold demonologists
  12 demonic crawlers
  8 komodo dragons
  5 tengu conjurers
  3 polar bears
  13 trolls
  6 meliai
  3 large abominations
  25 jumping spiders
  16 hornets
  2 wind drakes (Depths:2)
  10 tyrant leeches
  Grinder (D:3)
  14 bog bodies
  11 blink frogs
  A meliai zombie (D:13)
  A hippogriff (shapeshifter) (D:15)
  4 dream sheep (Lair:6)
  88 slime creatures
  A fire dragon zombie (D:15)
  A fire dragon skeleton (D:15)
  A spriggan (shapeshifter) (Vaults:1)
  8 hippogriffs
  64 redbacks
  2 wraiths
  25 tarantellas
  54 yaks
  8 water elementals
  8 air elementals
  3 shadows
  6 fire elementals
  A yak (shapeshifter) (Vaults:4)
  3 spriggans
  An ettin skeleton (D:15)
  7 basilisks
  6 wyverns
  3 hogs (D:12)
  5 steam dragons
  4 hungry ghosts
  29 vampire mosquitoes
  A naga (shapeshifter) (Vaults:2)
  15 insubstantial wisps
  18 swamp worms
  15 wargs
  A soldier ant (shapeshifter) (Depths:1)
  7 acid dragons
  A floating eye (shapeshifter) (Depths:2)
  8 water moccasins
  9 porcupines
  3 swamp drakes
  A floating eye (Depths:5)
  4 hell hounds (Lair:6)
  32 orc warriors
  3 sky beasts
  8 eyes of draining
  9 ice beasts
  An orc zombie (Vaults:2)
  2 slaves (D:5)
  3 black bears
  2 necrophages
  29 ogres
  2 human zombies (Vaults:1)
  3 phantoms
  A black bear (shapeshifter) (Depths:3)
  8 wolves
  9 crocodiles
  10 boggarts
  20 centaurs
  4 big kobolds
  17 bullfrogs
  A wyvern zombie (D:14)
  A gnoll sergeant (Orc:1)
  3 human skeletons
  12 earth elementals
  A wyvern skeleton (D:12)
  6 scorpions
  8 small abominations
  13 killer bees
  2 human simulacra
  7 wights
  3 electric eels
  6 lava snakes (Lair:6)
  13 crimson imps
  A bullfrog zombie (D:7)
  A quasit (D:11)
  2 bullfrog skeletons
  5 hounds
  56 orc wizards
  13 orc priests
  4 centaur skeletons
  7 jellies
  Crazy Yiuf (D:2)
  An iron imp (Depths:1)
  3 iguanas
  10 worker ants
  A bullfrog simulacrum (D:8)
  A hound zombie (D:8)
  A worker ant zombie (D:9)
  16 adders
  11 gnolls
  3 shadow imps
  3 white imps
  A howler monkey simulacrum (D:8)
  4 ufetubi
  17 oozes
  An adder zombie (D:9)
  An adder skeleton (D:4)
  6 worms
  3 dart slugs
  An adder simulacrum (D:8)
  19 leopard geckos
  109 orcs
  17 ball pythons
  3 bats
  20 giant cockroaches
  5 goblins
  9 hobgoblins
  6 jackals
  9 quokkas
  13 frilled lizards
  25 kobolds
  A leopard gecko skeleton (D:5)
  A quokka skeleton (D:9)
  5 rats
  3 bushes (Elf:2)
  A butterfly (Lair:1)
  7 crawling corpses
2040 creatures vanquished.

Vanquished Creatures (collateral kills)
  A deep elf blademaster (Elf:3)
  A lich (Depths:4)
  2 acid blobs (Slime:5)
  A sphinx (shapeshifter) (Depths:2)
  A sphinx (Depths:3)
  3 azure jellies
  A frost giant (Depths:3)
  A deep elf elementalist (Elf:3)
  A very ugly thing (Depths:2)
  3 spark wasps (Depths:3)
  A deep elf death mage (Elf:3)
  A crystal guardian (Depths:2)
  A jiangshi (Depths:3)
  3 death oozes
  3 deep elf high priests (Elf:3)
  A great orb of eyes (Slime:5)
  2 ice dragons (Depths:3)
  An anaconda (shapeshifter) (Depths:1)
  A dancing weapon (Depths:2)
  4 two-headed ogres (Depths:1)
  An iron troll (Depths:4)
  A deep troll (Depths:4)
  A torturous demonspawn (Depths:1)
  2 deep elf archers
  3 deep elf magi
  An ugly thing (Depths:1)
  An elephant (Lair:5)
  A torpor snail (Lair:6)
  A komodo dragon (Lair:6)
  3 yaktaurs
  A tengu conjurer (Depths:1)
  3 ice devils (Depths:1)
  5 slime creatures
  An air elemental (Depths:2)
  5 yaks (Lair:6)
  2 water elementals
  An earth elemental (Elf:2)
  A killer bee (D:12)
  2 crimson imps (Depths:1)
  A quasit (Depths:1)
  A crawling corpse (Elf:3)
71 creatures vanquished.

Vanquished Creatures (others)
  A black mamba (Lair:5)
  A jumping spider (Spider:3)
  A fire elemental (Depths:2)
  A human (D:12)
  An orc warrior (Vaults:2)
  2 slaves
  An orc wizard (Orc:2)
  4 ball lightnings (Depths:2)
  2 orcs (Orc:2)
  5 briar patches
  26 fungi
  22 plants
  A withered plant (D:15)
68 creatures vanquished.

Grand Total: 2179 creatures vanquished

Notes
Turn   | Place    | Note
-------+----------+-------------------------------------------
     0 | D:1      | Garbasso the Gargoyle Earth Elementalist began the quest
                  | for the Orb.
     0 | D:1      | Reached XP level 1. HP: 10/10 MP: 3/3
    98 | D:1      | Reached XP level 2. HP: 10/15 MP: 0/5
   781 | D:1      | Reached XP level 3. HP: 19/19 MP: 3/6
   850 | D:1      | Learned a level 3 spell: Stone Arrow
  1026 | D:2      | Reached skill level 5 in Earth Magic
  1083 | D:2      | Reached XP level 4. HP: 20/24 MP: 0/8
  1438 | D:2      | Found a shattered altar of Ashenzari.
  1445 | D:2      | Reached XP level 5. HP: 28/28 MP: 1/9
  1457 | D:2      | Learned a level 5 spell: Lee's Rapid Deconstruction
  2072 | D:2      | Found a runed door.
  2076 | D:2      | Noticed Crazy Yiuf
  2179 | D:2      | Killed Crazy Yiuf
  2179 | D:2      | Reached skill level 1 in Conjurations
  2831 | D:3      | Noticed Grinder
  2839 | D:3      | Killed Grinder
  2839 | D:3      | Reached skill level 1 in Fighting
  2839 | D:3      | Reached XP level 6. HP: 30/35 MP: 6/11
  2844 | D:3      | Reached skill level 2 in Fighting
  3262 | D:3      | Found a hide-covered altar of Uskayaw.
  3472 | D:3      | Found an opulent altar of Gozag.
  3550 | D:3      | Found a glowing silver altar of Zin.
  3713 | D:3      | Reached XP level 7. HP: 40/40 MP: 3/12
  4456 | D:4      | Found a glowing drain.
  4467 | Sewer    | Entered a sewer
  5450 | Sewer    | Reached skill level 3 in Fighting
  5475 | Sewer    | Reached XP level 8. HP: 32/46 MP: 1/14
  5636 | D:5      | Entered Level 5 of the Dungeon
  5636 | D:5      | Found a blossoming altar of Fedhas.
  5647 | D:5      | Reached skill level 5 in Conjurations
  5782 | D:5      | Found a bloodstained altar of Trog.
  5923 | D:5      | Found a transporter.
  5926 | D:5      | Found a transporter.
  6049 | D:5      | Learned a level 4 spell: Petrify
  6071 | D:5      | Found a staircase to the Ecumenical Temple.
  6072 | D:5      | Found the +1 cloak of Starlight {rElec rC+ EV+4 Stlth--}
  6085 | Temple   | Entered the Ecumenical Temple
  6142 | Temple   | Became a worshipper of Vehumet
  6553 | D:5      | Reached skill level 4 in Fighting
  6855 | D:6      | Noticed Pikel
  7032 | D:6      | Reached skill level 5 in Spellcasting
  7326 | D:6      | Reached XP level 9. HP: 52/52 MP: 9/16
  7632 | D:6      | Killed Pikel
  7632 | D:6      | Reached skill level 5 in Fighting
  7933 | D:6      | Found a deep blue altar of Sif Muna.
  8181 | D:6      | Noticed an oklob plant
  8192 | D:6      | Reached * piety under Vehumet
  8192 | D:6      | Offered knowledge of Sting by Vehumet.
  8599 | D:7      | Found a hazy altar of Hepliaklqana.
  8614 | D:7      | Reached skill level 6 in Fighting
  8741 | D:7      | Learned a level 2 spell: Sticks to Snakes
  8843 | D:7      | Learned a level 3 spell: Regeneration
  9262 | D:7      | Reached XP level 10. HP: 60/60 MP: 19/19
  9557 | D:7      | Found an ornate altar of the Wu Jian Council.
  9608 | D:8      | Reached skill level 1 in Charms
  9802 | D:8      | Found a sparkling altar of Nemelex Xobeh.
  9810 | D:8      | Noticed a manticore
  9981 | D:8      | Reached skill level 7 in Fighting
 10266 | D:8      | Offered knowledge of Throw Frost by Vehumet.
 10371 | D:8      | Reached ** piety under Vehumet
 10394 | D:8      | Noticed a two-headed ogre
 10400 | D:8      | Killed a two-headed ogre
 10679 | D:8      | Noticed nht's ghost (novice MiHu)
 10680 | D:8      | Found a runed gate.
 10680 | D:8      | Found a runed gate.
 10680 | D:8      | Found a runed gate.
 10818 | D:9      | Reached skill level 8 in Fighting
 10965 | D:9      | Found a basalt altar of Yredelemnul.
 11185 | D:9      | Offered knowledge of Ignite Poison by Vehumet.
 11388 | D:9      | Reached XP level 11. HP: 65/69 MP: 21/23
 11632 | D:9      | Reached *** piety under Vehumet
 11632 | D:9      | Reached skill level 9 in Fighting
 11744 | D:9      | Found a shimmering altar of Xom.
 11916 | D:9      | Offered knowledge of Sticky Flame by Vehumet.
 12053 | D:9      | Learned a level 4 spell: Sticky Flame
 12281 | D:10     | Entered Level 10 of the Dungeon
 12422 | D:10     | Noticed Erolcha
 12428 | D:10     | Killed Erolcha
 12461 | D:10     | Found a staircase to the Orcish Mines.
 12742 | D:10     | Reached skill level 10 in Fighting
 12973 | D:10     | Found a staircase to the Lair.
 12973 | D:10     | Noticed an unseen horror
 12978 | D:10     | Killed an unseen horror
 13353 | D:10     | Reached **** piety under Vehumet
 13809 | Lair:1   | Entered Level 1 of the Lair of Beasts
 14118 | Lair:1   | Reached skill level 11 in Fighting
 14125 | Lair:1   | Offered knowledge of Olgreb's Toxic Radiance by Vehumet.
 14125 | Lair:1   | Reached skill level 10 in Spellcasting
 14149 | Lair:1   | Learned a level 4 spell: Olgreb's Toxic Radiance
 14409 | Lair:1   | Reached skill level 1 in Poison Magic
 14420 | Lair:1   | Reached XP level 12. HP: 64/80 MP: 12/26
 14578 | Lair:1   | Found a runed gate.
 14579 | Lair:1   | Found a runed gate.
 14580 | Lair:1   | Found a runed gate.
 14589 | Lair:1   | Noticed a nine-headed hydra
 14590 | Lair:1   | Noticed an 11-headed hydra
 14590 | Lair:1   | Noticed MisterFreud's ghost (journeyman FeTm)
 14906 | Lair:2   | Noticed a catoblepas
 14963 | Lair:2   | Got a jewelled trident
 14964 | Lair:2   | Identified the +6 trident "Axiosm" {pierce, rF+ rC+ MR+}
                  | (You found it on level 2 of the Lair of Beasts)
 15081 | Lair:2   | Killed a catoblepas
 15353 | Lair:2   | Noticed a four-headed hydra
 15358 | Lair:2   | Killed a four-headed hydra
 15505 | Lair:2   | Noticed a five-headed hydra
 15509 | Lair:2   | Killed a five-headed hydra
 15600 | Lair:2   | Reached skill level 12 in Fighting
 16432 | Lair:3   | Noticed a four-headed hydra
 16443 | Lair:3   | Killed a four-headed hydra
 16443 | Lair:3   | Reached skill level 1 in Armour
 16443 | Lair:3   | Reached skill level 5 in Poison Magic
 16774 | Lair:3   | Noticed a four-headed hydra
 16785 | Lair:3   | Killed a four-headed hydra
 17189 | Lair:3   | Found a staircase to the Swamp.
 17233 | Lair:3   | Noticed Urug
 17250 | Lair:3   | Noticed Sonja
 17256 | Lair:3   | Killed Urug
 17256 | Lair:3   | Reached XP level 13. HP: 87/87 MP: 5/28
 17273 | Lair:3   | Killed Sonja
 17434 | Lair:3   | You fall through a shaft for 3 floors!
 17434 | Lair:6   | Entered Level 6 of the Lair of Beasts
 18093 | Lair:6   | Reached skill level 10 in Conjurations
 18468 | Lair:5   | Reached skill level 13 in Fighting
 18480 | Lair:5   | Reached ***** piety under Vehumet
 18644 | Lair:5   | Offered knowledge of Bolt of Cold by Vehumet.
 18644 | Lair:5   | Reached skill level 5 in Armour
 18660 | Lair:5   | Learned a level 6 spell: Bolt of Cold
 18902 | Lair:5   | Reached skill level 1 in Ice Magic
 19825 | Lair:4   | Noticed Snorg
 19883 | Lair:4   | Killed Snorg
 19889 | Lair:4   | Gained mutation: Your large and strong wings let you fly
                  | indefinitely. [Gargoyle growth]
 19889 | Lair:4   | Reached XP level 14. HP: 44/94 MP: 27/29
 20601 | Lair:4   | Reached skill level 5 in Ice Magic
 20886 | Lair:4   | Found a hole to the Spider Nest.
 21499 | Lair:3   | Identified the Tome of Aid and Transmigration
 22223 | Lair:6   | Found a large runed door.
 22223 | Lair:6   | Found a large runed door.
 22732 | Lair:6   | Offered knowledge of Ozocubu's Refrigeration by Vehumet.
 23021 | Lair:6   | Reached skill level 14 in Fighting
 23135 | Lair:6   | Found a staircase to the Slime Pits.
 23784 | D:11     | Found Olotau's Weapon Emporium.
 24786 | D:11     | Identified the +2 leather armour "Nobotzun" {rN+ Str+5}
                  | (You found it on level 11 of the Dungeon)
 25017 | D:12     | Found Cesmek's General Store.
 25025 | D:12     | Bought a +0 pair of boots for 63 gold pieces
 25083 | D:12     | Noticed Kirke
 25094 | D:12     | Noticed a sphinx
 25098 | D:12     | Noticed a sphinx
 25098 | D:12     | Killed Kirke
 25098 | D:12     | Reached XP level 15. HP: 100/101 MP: 9/31
 25778 | D:12     | Offered knowledge of Poison Arrow by Vehumet.
 26183 | D:13     | Learned a level 3 spell: Mephitic Cloud
 26285 | D:13     | Found a gate to the Vaults.
 26622 | Spider:1 | Entered Level 1 of the Spider Nest
 26639 | Spider:1 | Reached skill level 5 in Dodging
 26782 | Spider:1 | Learned a level 6 spell: Poison Arrow
 27347 | Spider:2 | Reached skill level 15 in Fighting
 27941 | Spider:2 | Noticed Roxanne
 28085 | Spider:2 | Killed Roxanne
 28158 | Spider:2 | Offered knowledge of Yara's Violent Unravelling by Vehumet.
 28287 | Spider:2 | Noticed a ghost moth
 28294 | Spider:2 | Killed a ghost moth
 28463 | Spider:2 | Noticed an emperor scorpion
 28490 | Spider:2 | Killed an emperor scorpion
 29401 | Spider:3 | Reached XP level 16. HP: 86/108 MP: 17/33
 29597 | Spider:3 | Found a runed door.
 29597 | Spider:3 | Found a shimmering altar of Xom.
 29597 | Spider:3 | Noticed Moraad's ghost (journeyman DDFi)
 30834 | Spider:4 | Entered Level 4 of the Spider Nest
 30855 | Spider:4 | Offered knowledge of Bolt of Fire by Vehumet.
 30859 | Spider:3 | Reached skill level 1 in Shields
 32601 | Spider:4 | Noticed Arachne
 32665 | Spider:4 | Killed Arachne
 33192 | Spider:4 | Reached skill level 5 in Shields
 33481 | Spider:4 | Reached skill level 16 in Fighting
 34602 | Spider:4 | Reached XP level 17. HP: 103/115 MP: 6/35
 34939 | Spider:4 | Got a gossamer rune of Zot
 35106 | Swamp:1  | Entered Level 1 of the Swamp
 36106 | D:13     | Noticed Maurice
 36110 | D:13     | Killed Maurice
 36111 | D:13     | Noticed Nessos
 36138 | D:13     | Killed Nessos
 36908 | D:14     | Found a blossoming altar of Fedhas.
 37295 | D:14     | Reached ****** piety under Vehumet
 37409 | D:14     | Identified a scroll of acquirement
 37413 | D:14     | Got a pair of ichor-stained gloves
 37424 | D:14     | Identified the +0 pair of gloves of Focus {MR+} (You
                  | acquired it on level 14 of the Dungeon)
 37902 | D:15     | Entered Level 15 of the Dungeon
 37926 | D:15     | Offered knowledge of Conjure Ball Lightning by Vehumet.
 38738 | D:3      | Learned a level 5 spell: Bolt of Magma
 38745 | D:3      | Learned a level 6 spell: Iron Shot
 38988 | D:15     | Found Teohin's Antique Weapon Shoppe.
 40662 | D:15     | Found a staircase to the Depths.
 41014 | Orc:1    | Entered Level 1 of the Orcish Mines
 41150 | Orc:2    | Entered Level 2 of the Orcish Mines
 41152 | Orc:2    | Noticed Saint Roka
 41765 | Orc:2    | Found Ryett's Gadget Emporium.
 42923 | Lair:3   | Offered knowledge of Orb of Destruction by Vehumet.
 44886 | Swamp:2  | Noticed Louise
 44902 | Swamp:2  | Killed Louise
 45422 | Swamp:2  | Reached skill level 10 in Shields
 45509 | Swamp:2  | Reached XP level 18. HP: 120/122 MP: 5/36
 47645 | Swamp:4  | Entered Level 4 of the Swamp
 47895 | Swamp:4  | Reached skill level 17 in Fighting
 48671 | Swamp:4  | Reached skill level 15 in Spellcasting
 50759 | Swamp:4  | Reached skill level 15 in Conjurations
 50981 | Swamp:4  | Got a decaying rune of Zot
 51062 | Swamp:4  | Offered knowledge of Glaciate by Vehumet.
 51062 | Swamp:4  | Offered knowledge of Chain Lightning by Vehumet.
 51062 | Swamp:4  | Offered knowledge of Tornado by Vehumet.
 51818 | Vaults:1 | Entered Level 1 of the Vaults
 53088 | Vaults:1 | Reached XP level 19. HP: 128/128 MP: 36/38
 54924 | Vaults:2 | Learned a level 6 spell: Freezing Cloud
 55743 | Vaults:2 | Reached skill level 10 in Earth Magic
 55995 | Vaults:2 | Found a staircase to the Crypt.
 56002 | Vaults:2 | Found Bajewn's General Store.
 56010 | Vaults:2 | Bought a scroll of amnesia for 63 gold pieces
 56010 | Vaults:2 | Bought a potion of heal wounds for 90 gold pieces
 56918 | Vaults:2 | Noticed a tentacled monstrosity
 56925 | Vaults:2 | Killed a tentacled monstrosity
 57114 | Vaults:2 | Reached skill level 18 in Fighting
 58958 | Vaults:3 | Reached XP level 20. HP: 136/136 MP: 28/39
 60033 | Vaults:3 | Reached skill level 15 in Shields
 61148 | Vaults:4 | Found a flickering gateway to a bazaar.
 61162 | Bazaar   | Entered a bazaar
 61164 | Bazaar   | Found Nuypaum's General Store.
 61168 | Bazaar   | Found Tibriet's Antique Armour Boutique.
 61168 | Bazaar   | Found Lyituk's Weapon Boutique.
 61169 | Bazaar   | Found Suasant's General Store.
 61174 | Bazaar   | Bought a scroll of amnesia for 63 gold pieces
 61552 | Bazaar   | Bought an encrusted cloak for 266 gold pieces
 61552 | Bazaar   | Identified the +2 cloak "Vedghaklo" {rElec rN+ MR+} (You
                  | bought it in a shop in a bazaar)
 61734 | Vaults:4 | Reached skill level 19 in Fighting
 63890 | Orc:2    | Found Fiol's Magic Scroll Shop.
 63905 | Orc:2    | Bought a scroll of magic mapping for 45 gold pieces
 64253 | Orc:2    | Killed Saint Roka
 64400 | Orc:2    | Found a roughly hewn altar of Beogh.
 64528 | Orc:2    | Reached XP level 21. HP: 144/144 MP: 21/40
 64540 | Orc:2    | Found Saco's Antique Weapon Shop.
 64540 | Orc:2    | Found Voarum's Jewellery Shoppe.
 64755 | Orc:2    | Found Vaeciq's Armour Shoppe.
 64795 | Orc:2    | Bought a +1 helmet of intelligence for 181 gold pieces
 64882 | Orc:2    | Bought an uncursed amulet of magic regeneration for 390
                  | gold pieces
 64882 | Orc:2    | Bought an uncursed ring of protection from fire for 325
                  | gold pieces
 64974 | Orc:2    | Found a staircase to the Elven Halls.
 65077 | Elf:1    | Entered Level 1 of the Elven Halls
 65244 | Elf:1    | Learned a level 7 spell: Orb of Destruction
 65253 | Elf:1    | Learned a level 7 spell: Spellforged Servitor
 65398 | Elf:1    | Found Yheupp's Antique Armour Boutique.
 65411 | Elf:1    | Found Piorenex's Gadget Shop.
 65447 | Elf:1    | Found Juojexej's Antique Weapon Emporium.
 65467 | Elf:1    | Reached skill level 1 in Summonings
 65546 | Elf:1    | Identified Yrchig's Handbook of Flying Clay
 65998 | Elf:1    | Found Jydghienn's Antique Weapon Shoppe.
 66002 | Elf:1    | Reached skill level 20 in Fighting
 66352 | Elf:2    | Found Wuume's Jewellery Boutique.
 66629 | Elf:2    | Reached skill level 5 in Summonings
 66735 | Elf:2    | Found a runed gate.
 66735 | Elf:2    | Found a runed gate.
 66777 | Elf:2    | Found a runed gate.
 66930 | Elf:3    | Entered Level 3 of the Elven Halls
 67988 | Depths:1 | Entered Level 1 of the Depths
 68250 | Depths:1 | Found Bicaif's Magic Scroll Shop.
 68259 | Depths:1 | Bought a scroll of magic mapping for 77 gold pieces
 68259 | Depths:1 | Bought a scroll of amnesia for 77 gold pieces
 68259 | Depths:1 | Bought a scroll of blinking for 165 gold pieces
 68259 | Depths:1 | Bought a scroll of teleportation for 66 gold pieces
 68259 | Depths:1 | Bought a scroll of summoning for 209 gold pieces
 68262 | Depths:1 | Identified the +9 plate armour of Listlessness {Int+2
                  | Stlth+} (You found it on level 1 of the Depths)
 68311 | Depths:1 | Found Wiw Likehu's General Store.
 68314 | Depths:1 | Found Lice's Jewellery Emporium.
 68316 | Depths:1 | Bought a scroll of fear for 70 gold pieces
 68322 | Depths:1 | Bought the ring "Jareomivem" {rCorr rF+ MP+9 Int+3 Stlth-}
                  | for 1040 gold pieces
 68322 | Depths:1 | Bought the ring "Hizic" {rPois rF+ rC+ MP+9 SInv} for 889
                  | gold pieces
 68974 | Depths:1 | Found Bicw's Assorted Antiques.
 68986 | Depths:1 | Bought a scroll of fear for 105 gold pieces
 68986 | Depths:1 | Bought a potion of invisibility for 240 gold pieces
 68986 | Depths:1 | Bought a potion of magic for 240 gold pieces
 68986 | Depths:1 | Bought a scroll of enchant armour for 225 gold pieces
 69018 | Depths:1 | Reached XP level 22. HP: 142/153 MP: 41/41
 69076 | Depths:1 | Found Yzxoq's General Store.
 69137 | Depths:1 | Bought a potion of invisibility for 176 gold pieces
 69220 | Depths:1 | Found a one-way gate leading to the halls of Pandemonium.
 69451 | Depths:1 | Found Gekkish's Jewellery Boutique.
 69451 | Depths:1 | Found Ceog's Gadget Emporium.
 69453 | Depths:1 | Found Rungoliff's Gadget Emporium.
 69626 | Depths:1 | Found a gateway to Hell.
 70650 | Depths:2 | Reached skill level 10 in Dodging
 71137 | Depths:2 | Reached skill level 10 in Armour
 71317 | Depths:2 | Got a fine jade ring
 71318 | Depths:2 | Identified the ring of the Ancients {rPois MR- EV+3 Int+4}
                  | (You found it on level 2 of the Depths)
 71558 | Depths:2 | Found a one-way gate to the infinite horrors of the Abyss.
 71767 | Depths:2 | Reached skill level 21 in Fighting
 71805 | Depths:2 | Got a twitching steel ring
 71806 | Depths:2 | Identified the ring "Olauwn" {MR+ EV+2 Int+3 Dex-2} (You
                  | found it on level 2 of the Depths)
 71809 | Depths:2 | Identified the cursed +0 scale mail of Autotheism {rF++
                  | Str+2} (You found it on level 2 of the Depths)
 72263 | Depths:3 | Identified the Handbook of Creative Lightness
 72265 | Depths:3 | Identified the Handbook of Feathers and Darkness
 72447 | Depths:3 | Reached XP level 23. HP: 63/160 MP: 15/42
 72750 | Depths:3 | Found a gateway to a ziggurat.
 73822 | Depths:4 | Reached skill level 1 in Maces & Flails
 74856 | Depths:4 | Identified the cursed +3 war axe "Juezu" {chop, *Slow rElec
                  | rPois Str+7}
 75381 | Depths:5 | Entered Level 5 of the Depths
 75616 | Depths:5 | Noticed Frederick
 75622 | Depths:5 | Killed Frederick
 75806 | Depths:5 | Noticed Mennas
 75844 | Depths:5 | Reached skill level 5 in Maces & Flails
 77023 | Elf:3    | Reached XP level 24. HP: 148/168 MP: 27/42
 77139 | Elf:3    | Identified the ring "Pitewoxt" {rElec EV+3}
 77326 | Elf:3    | Identified the +10 broad axe "Leteo" {pain, *Rage *Drain
                  | rC+ Str+6}
 77335 | Elf:3    | Identified the +8 battleaxe of Wondrous Power {flame, rC+}
 77338 | Elf:3    | Identified the amulet "Fiemeam" {Gourm rElec}
 77861 | Elf:3    | Reached skill level 22 in Fighting
 77922 | Elf:3    | Identified the ring "Oxtaxin" {rN+ Str+4}
 78359 | Elf:3    | Identified Urhieg's Catalogue of the Voyage and Battle
                  | Magic
 78516 | Elf:3    | Identified Zosaf's Compendium of Combat Magic
 78578 | Elf:3    | Identified the cursed +1 ring mail "Vayregh" {MP+9} (You
                  | found it on level 3 of the Elven Halls)
 78582 | Elf:3    | Identified the Catalogue of Dark Weightlessness
 79229 | Slime:1  | Entered Level 1 of the Pits of Slime
 79371 | Slime:1  | Gained mutation: You have a pair of small horns on your
                  | head. [a shining eye]
 79374 | Lair:6   | Gained mutation: Your muscles are strong. (Str +2) [a
                  | shining eye]
 79816 | Slime:5  | Entered Level 5 of the Pits of Slime
 80116 | Slime:5  | Noticed the Royal Jelly
 81386 | Slime:5  | HP: 3/169 [acid[the Royal Jelly] (6)]
 81386 | Slime:5  | Killed from afar by an acid blob

Vault maps used:
D:1:      dpeg_arrival_oval, minmay_splitting_lines
D:2:      evilmike_ruin_ashenzari, uniq_crazy_yiuf_cottage
D:3:      zin_treasury, eat_drink_and_be_merry_uskayaw,
          nicolae_overflow_crystal_walls, first_ration, due_unseen_surprise,
          uniq_grinder
D:4:      gup_sewer_entry_pipe
D:5:      gammafunk_wand_slinger, overflow_temple_1_default,
          trog_eyes_of_draining, minmay_temple_entry_steel_oval
D:6:      lemuel_slime, led_sif_book, sigmund_army, uniq_pikel
D:7:      marbit_many_paths, basic_altar, the_bakery
D:8:      nemelex_xobeh_ov_fountains_minmay, gammafunk_ghost_spectres,
          serial_ice, serial_ice_i, serial_ice_g, serial_ice_b, serial_ice_d,
          serial_ice_f, serial_ice_c, serial_ice_e, serial_ice_n
D:9:      yredelemnul_altar_generic, basic_altar, st_stairs_11
D:10:     erik_lair_dragon, orc_0_dummy, uniq_erolcha
D:11:     serial_shops, shop
D:12:     serial_shops, shop_statue, uniq_kirke
D:13:     lightli_vaults_fourway_checkpoint, bh_walls_and_bars, uniq_nessos,
          uniq_maurice
D:14:     fedhas_altar_3
D:15:     gammafunk_depths_entry_grave, serial_shops, shop, chequers_arboretum,
          evilmike_butchery
Temple:   nicolae_temple_hex_pool
Lair:1:   gammafunk_ghost_hydra_chop, grunt_megastairs_4, lemuel_fruit_fields
Lair:3:   minmay_swamp_entry_worms, uniq_sonja, uniq_urug
Lair:4:   spider_nest_entry_rubble, uniq_snorg
Lair:5:   st_stairs_11, kilobyte_rumbling_trees, infiniplex_staircase_pool_2,
          lemuel_fruit_tree
Lair:6:   cheibrodos_lair_end_hotspot, minmay_slime_entry_oklob_enclosed
Swamp:1:  hangedman_swamp_ruin_wall, swamp_pool1
Swamp:2:  evilmike_swamp_ruin_house_2, uniq_louise
Swamp:3:  nicolae_swamp_dense_foliage, swamp_pool2
Swamp:4:  swamp_vile
Spider:2: nicolae_spider_cling_ruins, uniq_roxanne
Spider:3: ebering_ghost_xom
Spider:4: grunt_spider_rune_circles, uniq_arachne
Slime:1:  cheibrodos_slime_lost_civilization_8
Orc:2:    st_orc_town, serial_shops, shop, uniq_saint_roka
Elf:1:    minmay_elf_arrival_summoners, serial_shops, shop, shop, shop,
          nicolae_shop_stone, orc_legates
Elf:2:    serial_shops, nicolae_shop_stone, uniq_azrael
Elf:3:    nooodl_elf_gasket
Vaults:1: hangedman_vaults_nodes, ontoclasm_vaults_spin,
          nicolae_vaults_mini_display_case, vaults_mumra_chevron,
          vaults_dpeg_cross, v_misc_4, v_misc_15, nicolae_vaults_hallways_thing,
          nicolae_vaults_big_angled_halls, v_pattern_2,
          nicolae_vaults_little_squares_2, st_more_cells
Vaults:2: v_rooms_4, vaults_room_stairs_pillars, minmay_crypt_entry_simple_box,
          nicolae_vaults_diagonal_hallway_8, v_misc_3, hangedman_vaults_hat,
          v_misc_12, v_alt_pattern_5, nicolae_vaults_windows_and_doors_thing,
          ontoclasm_vaults_shuriken, ontoclasm_vaults_decontamination,
          vaults_room_pools, nicolae_vaults_theta, serial_shops,
          nicolae_shop_temple_entry_statues_fountains
Vaults:3: nicolae_vaults_alarming, nicolae_vaults_triangles,
          vaults_room_semicircle, ontoclasm_vaults_pinch,
          vaults_room_grunt_arrival_checkpoint, v_misc_33, v_misc_28,
          vaults_room_stairs_pillars
Vaults:4: vaults_dpeg_doors, vaults_standard_mumra_x, v_rooms_6,
          grunt_vaults_focal, v_misc_12, vaults_room_grid,
          nicolae_vaults_diagonal_hallway_7, v_misc_24, vaults_mumra_hexcomb,
          v_misc_16, nicolae_vaults_network_s, ontoclasm_vaults_hangar,
          serial_shops, bzr_entry_gold
Depths:1: grunt_pan_entry_spiral, grunt_hell_entry_dis_grunt,
          minmay_misc_feat_room, serial_shops, shop, nicolae_shop_waterfront,
          nicolae_shop_trees, shop_statue, shop, kennysheep_two_boxes,
          minmay_shop_grove
Depths:2: radiant_caverns_a_rkd, abyss_entry, pan_entry, hell_entry
Depths:3: minmay_the_grid_3x2, enter_ziggurat_e, lightli_too_deep, pan_entry,
          grunt_decor_resistance, abyss_entry
Depths:4: minmay_expanding_squares, abyss_entry, pf_vacation_house_of_asmodeus,
          spider_trap
Depths:5: evilmike_zot_entry_gauntlet, hell_entry, abyss_entry,
          minmay_misc_feat_x, minmay_shop_star, roderic_lattice_octagonal_star,
          serial_bayou_shore_b, serial_bayou_shore_b, uniq_mennas,
          uniq_frederick
Bazaar:   bazaar_minmay_cross
Sewer:    sewer_frog_island_02

Skill      XL: |  1  2  3  4  5  6  7  8  9 10 11 12 13 14 15 16 17 18 19 20 21 22 23 24 |
---------------+-------------------------------------------------------------------------+-----
Earth Magic    | 4 5 6 7 9 10 14 | 14.4
Spellcasting   | 3 4 5 6 8 10 11 12 13 14 15 | 15.5
Conjurations   | 3 4 6 9 10 12 13 14 15 16 17 18 | 18.7
Fighting       | 1 2 3 4 6 8 11 12 13 14 15 16 17 18 19 20 21 22 | 22.5
Charms         | 3 |  3.2
Poison Magic   | 1 5 |  5.0
Armour         | 2 5 8 9 10 12 14 | 14.0
Dodging        | 2 4 6 7 8 11 | 11.3
Ice Magic      | 3 6 |  6.0
Shields        | 5 10 12 14 15 | 15.0
Summonings     | 7 8 |  8.0
Maces & Flails | 6 7 |  7.6
Stealth        | |  2.1
Transmutations | |  0.7

Action                   |  1- 3 |  4- 6 |  7- 9 | 10-12 | 13-15 | 16-18 | 19-21 | 22-24 || total
-------------------------+-------+-------+-------+-------+-------+-------+-------+-------++-------
Melee: Unarmed           |     4 |       |       |       |       |       |       |       ||     4
       Dagger            |     2 |       |       |    10 |   166 |   334 |   191 |    33 ||   736
       Short sword       |     6 |    31 |   274 |    25 |       |       |       |       ||   336
       Spear             |       |       |     7 |       |       |       |       |       ||     7
       Staff             |       |       |     4 |     6 |    10 |    63 |    64 |    84 ||   231
       Trident           |       |       |       |     6 |       |       |       |       ||     6
       Demon whip        |       |       |       |       |       |       |       |   170 ||   170
       Headbutt          |       |       |       |       |       |       |       |     8 ||     8
 Cast: Sandblast         |    32 |    60 |    48 |    84 |   135 |    58 |       |       ||   417
       Stone Arrow       |     2 |    23 |   102 |   161 |   192 |   211 |    85 |    60 ||   836
       Lee's Rapid Decon |       |       |    10 |    72 |    45 |    46 |     6 |       ||   179
       Petrify           |       |       |     3 |    22 |    14 |     9 |       |       ||    48
       Regeneration      |       |       |       |     5 |     1 |     4 |     2 |    10 ||    22
       Sticks to Snakes  |       |       |       |     7 |     3 |       |       |       ||    10
       Sticky Flame      |       |       |       |    25 |    98 |    69 |    15 |    14 ||   221
       Olgreb's Toxic Ra |       |       |       |     3 |    79 |    77 |    74 |    33 ||   266
       Bolt of Cold      |       |       |       |       |    76 |    49 |       |       ||   125
       Poison Arrow      |       |       |       |       |    41 |   222 |    82 |   110 ||   455
       Iron Shot         |       |       |       |       |       |   176 |   334 |   479 ||   989
       Bolt of Magma     |       |       |       |       |       |    67 |    32 |    20 ||   119
       Mephitic Cloud    |       |       |       |       |       |    10 |     2 |       ||    12
       Freezing Cloud    |       |       |       |       |       |       |   122 |   133 ||   255
       Spellforged Servi |       |       |       |       |       |       |     9 |    27 ||    36
       Orb of Destructio |       |       |       |       |       |       |     4 |    39 ||    43
 Abil: Fly               |       |       |       |       |     1 |       |       |     1 ||     2
       Stop Flying       |       |       |       |       |       |       |       |     1 ||     1
Evoke: Wand              |       |       |       |    20 |     9 |    26 |     8 |     2 ||    65
       Sack of spiders   |       |       |       |       |     2 |     1 |       |       ||     3
       Fan of gales      |       |       |       |       |       |     1 |       |       ||     1
  Use: Scroll            |       |     4 |    15 |     8 |    11 |    20 |    19 |    29 ||   106
       Potion            |       |       |       |     1 |     3 |       |     2 |     7 ||    13
 Stab: Sleeping          |     1 |       |       |       |       |       |       |       ||     1
       Paralysed         |       |       |       |    10 |     4 |       |       |       ||    14
       Petrified         |       |       |       |     5 |     8 |     6 |       |       ||    19
       Confused          |       |       |       |       |       |     1 |       |       ||     1
  Eat: Chunk             |     1 |    10 |    29 |    34 |    44 |    26 |    35 |    13 ||   192
       Ration            |       |       |     1 |     3 |     9 |    15 |     7 |    11 ||    46
Armor: Robe              |     4 |    14 |   163 |    19 |       |       |       |       ||   200
       Troll leather arm |       |       |       |    59 |   522 |   597 |   169 |   456 ||  1803
Dodge: Dodged            |     6 |    30 |   278 |   166 |   784 |   864 |   377 |   390 ||  2895
Block: Shield            |       |       |       |       |       |   335 |   474 |   669 ||  1478

Table legend:
 A = Non-vault XP
 B = Vault XP
 C = Vault XP percentage of total XP
 D = Non-vault monster count
 E = Vault monster count
 F = Vault count percentage of total count
                 A         B        C        D         E       F
            +---------+---------+-------+---------+---------+-------
      Total |  521321 |  421866 |  44.7 |    1380 |     699 |  33.6
            +---------+---------+-------+---------+---------+-------
        D:1 |      42 |       0 |   0.0 |      21 |       0 |   0.0
        D:2 |     199 |      39 |  16.4 |      38 |       1 |   2.6
        D:3 |     131 |     272 |  67.5 |      16 |       1 |   5.9
        D:4 |     154 |      17 |   9.9 |      10 |       7 |  41.2
        D:5 |     698 |     275 |  28.3 |      18 |       4 |  18.2
        D:6 |     754 |    1002 |  57.1 |      23 |      20 |  46.5
        D:7 |     816 |     205 |  20.1 |       8 |       1 |  11.1
        D:8 |    1675 |    1776 |  51.5 |      12 |      16 |  57.1
        D:9 |    2816 |      56 |   1.9 |      48 |       2 |   4.0
       D:10 |    2424 |    1778 |  42.3 |      23 |       6 |  20.7
       D:11 |    8988 |       0 |   0.0 |      44 |       0 |   0.0
       D:12 |    4075 |    2454 |  37.6 |      38 |       4 |   9.5
       D:13 |    6501 |    8437 |  56.5 |      40 |      14 |  25.9
       D:14 |    7628 |       0 |   0.0 |      25 |       0 |   0.0
       D:15 |   14917 |    4089 |  21.5 |      34 |       8 |  19.0
     Lair:1 |    3434 |     145 |   4.1 |      17 |       1 |   5.6
     Lair:2 |    6883 |       0 |   0.0 |      22 |       0 |   0.0
     Lair:3 |    6841 |    1946 |  22.1 |      17 |       3 |  15.0
     Lair:4 |   12866 |    1359 |   9.6 |      30 |       2 |   6.2
     Lair:5 |    7403 |    1893 |  20.4 |      22 |      10 |  31.2
     Lair:6 |   18298 |    7623 |  29.4 |      53 |      26 |  32.9
    Swamp:1 |   14591 |       0 |   0.0 |      40 |       0 |   0.0
    Swamp:2 |    6457 |    1620 |  20.1 |      22 |       1 |   4.3
    Swamp:3 |   16569 |       0 |   0.0 |      39 |       0 |   0.0
    Swamp:4 |   15289 |   20626 |  57.4 |      40 |      30 |  42.9
   Spider:1 |    9369 |       0 |   0.0 |      29 |       0 |   0.0
   Spider:2 |   19240 |    1934 |   9.1 |      41 |       1 |   2.4
   Spider:3 |   21072 |    1543 |   6.8 |      53 |       1 |   1.9
   Spider:4 |    5715 |   26375 |  82.2 |      20 |      40 |  66.7
    Slime:1 |    7266 |       0 |   0.0 |       5 |       0 |   0.0
    Slime:2 |    3211 |       0 |   0.0 |       6 |       0 |   0.0
    Slime:3 |    4046 |       0 |   0.0 |      11 |       0 |   0.0
    Slime:4 |    7994 |       0 |   0.0 |      17 |       0 |   0.0
    Slime:5 |    8545 |    7615 |  47.1 |      17 |       6 |  26.1
      Orc:1 |    3139 |     170 |   5.1 |      40 |       1 |   2.4
      Orc:2 |    3193 |   12395 |  79.5 |      20 |      68 |  77.3
      Elf:1 |   17960 |   17833 |  49.8 |      32 |      35 |  52.2
      Elf:2 |   15239 |    1799 |  10.6 |      23 |       2 |   8.0
      Elf:3 |   21220 |   65131 |  75.4 |      36 |      46 |  56.1
   Vaults:1 |   20187 |   16018 |  44.2 |      43 |      26 |  37.7
   Vaults:2 |   26262 |   20713 |  44.1 |      45 |      33 |  42.3
   Vaults:3 |   31505 |   11466 |  26.7 |      46 |      13 |  22.0
   Vaults:4 |   24441 |   33732 |  58.0 |      43 |      40 |  48.2
   Depths:1 |   41280 |   10203 |  19.8 |      69 |      19 |  21.6
   Depths:2 |     872 |   70191 |  98.8 |       1 |     104 |  99.0
   Depths:3 |   19627 |   27562 |  58.4 |      24 |      21 |  46.7
   Depths:4 |   33589 |   26583 |  44.2 |      38 |      20 |  34.5
   Depths:5 |   15900 |   14630 |  47.9 |      21 |      15 |  41.7
      Sewer |       0 |     361 | 100.0 |       0 |      51 | 100.0
            +---------+---------+-------+---------+---------+-------
